 Dungeon Crawl Stone Soup version 0.28-a0-224-g76b539d98b (webtiles) character file.

Game seed: 13172591377498197784

221 zdrol the Chopper (level 5, 0/47 HPs)
             Began as a Minotaur Monk on Aug 21, 2021.
             Slain by a sky beast (6 damage)
             ... on level 3 of the Dungeon.
             The game lasted 00:09:14 (2858 turns).

zdrol the Chopper (Minotaur Monk)                   Turns: 2858, Time: 00:09:15

Health: 0/47       AC:  3    Str: 16    XL:     5   Next: 65%
Magic:  4/4        EV: 13    Int:  7    God:
Gold:   174        SH:  0    Dex: 13    Spells: 4/4 levels left

rFire   + . .      SeeInvis .   a - +0 hand axe
rCold   . . .      Faith    .   (no shield)
rNeg    . . .      Spirit   .   f - +1 robe {rF+}
rPois   .          Reflect  .   (helmet restricted)
rElec   .          Harm     .   (no cloak)
rCorr   .          Rampage  .   (no gloves)
Will    .....                   (no boots)
Stlth   ++........              (no amulet)
HPRegen 0.15/turn               (no ring)
MPRegen 0.09/turn               (no ring)

@: no status effects
A: horns 2, retaliatory headbutt
a: no special abilities


You were on level 3 of the Dungeon.
You visited 1 branch of the dungeon, and saw 3 of its levels.

You collected 174 gold pieces.

Inventory:

Hand Weapons
 a - a +0 hand axe (weapon)
Missiles
 g - 15 poisoned darts (quivered)
 l - 6 boomerangs
Armour
 f - a +1 robe of fire resistance (worn)
Scrolls
 c - a scroll of fear
 e - a scroll of identify
 h - a scroll of immolation {unknown}
 i - a scroll of enchant armour {unknown}
 k - 2 scrolls of teleportation {unknown}
Potions
 b - 3 potions of degeneration
 d - a potion of ambrosia


   Skills:
 + Level 4.8 Fighting
 + Level 5.7 Axes
 + Level 0.7 Throwing
 + Level 4.1 Dodging
 + Level 2.4 Stealth


You had 4 spell levels left.
You didn't know any spells.
Your spell library contained the following spells:

 Spells                   Type           Power      Damage    Failure   Level
 Magic Dart               Conj           0%         1d3       43%         1
 Searing Ray              Conj           0%         3d3       56%         2
 Fulminant Prism          Conj/Hex       0%         3d6       99%         4


Dungeon Overview and Level Annotations

Branches:
Dungeon (3/15)

Altars:


Innate Abilities, Weirdness & Mutations

You have a pair of horns on your head.
You reflexively headbutt those who attack you in melee.


Message History

You are no longer poisoned.
g - 15 poisoned darts (gained 1)
You start resting.
HP restored.
A rat comes into view.
The rat moves out of view.
A sky beast comes into view.
Found a book of Changes and 21 stones.
The rat closely misses you. The rat barely misses you. You furiously retaliate!
You headbutt the rat.
You kill the rat!
You see here a rat corpse.
The sky beast flickers out of sight!
Deactivating autopickup; reactivate with Ctrl-A.
Something hits you. Something shocks you.
You barely miss something. Your headbutt misses something.
A sky beast appears from thin air!
Reactivating autopickup.
The sky beast hits you but does no damage.
You completely miss the sky beast. You headbutt the sky beast!
The sky beast is moderately wounded.
The sky beast flickers out of sight!
Deactivating autopickup; reactivate with Ctrl-A.
Something hits you. Something shocks you.
You closely miss something. Something hits you. Something shocks you.
You hit something. Something hits you. Something shocks you.
You miss something. Your headbutt misses something.
A sky beast appears from thin air!
Reactivating autopickup.
The sky beast hits you.
* * * LOW HITPOINT WARNING * * *
The sky beast shocks you.
* * * LOW HITPOINT WARNING * * *
It was a potion of cancellation.
You feel magically purged. The sky beast barely misses you.
You hit the sky beast. Your headbutt misses the sky beast.
The sky beast is heavily wounded.
The sky beast hits you.
* * * LOW HITPOINT WARNING * * *
The sky beast shocks you.
You die...

#..........#
#..........#
#..........#
#.......(..#
#........:.#
#..........#
...###..........#
........†..@Y...#
...####.#########
#.#.....#
##.#.###.#
#...<..#.#
#....#.#.#
#....#.#.#
#......#.#
#...####.#


You could see a sky beast.

Vanquished Creatures
  Sigmund (D:2)
  3 adders
  A worm (D:2)
  2 bats
  5 endoplasms
  A giant cockroach (D:1)
  3 hobgoblins
  7 kobolds
  4 quokkas
  3 ball pythons
  3 frilled lizards
  A goblin (D:1)
  A rat (D:3)
35 creatures vanquished.

Vanquished Creatures (others)
  3 fungi (D:2)
  4 toadstools (D:2)
7 creatures vanquished.

Grand Total: 42 creatures vanquished

Notes
Turn   | Place    | Note
-------+----------+-------------------------------------------
     0 | D:1      | zdrol the Minotaur Monk began the quest for the Orb.
     0 | D:1      | Reached XP level 1. HP: 19/19 MP: 0/0
   505 | D:1      | Found a faded altar of an unknown god.
   513 | D:1      | Reached skill level 4 in Axes
   558 | D:1      | Reached XP level 2. HP: 27/27 MP: 1/1
  1505 | D:2      | Reached XP level 3. HP: 33/33 MP: 2/2
  1893 | D:2      | Noticed Sigmund
  1908 | D:2      | Killed Sigmund
  1909 | D:2      | Reached skill level 5 in Axes
  1909 | D:2      | Reached XP level 4. HP: 8/41 MP: 3/3
  1909 | D:2      | Reached XP level 5. HP: 9/47 MP: 4/4
  2846 | D:3      | Noticed a sky beast
  2858 | D:3      | Slain by a sky beast

Illustrated notes

Levels and vault maps discovered:
D:1:      minmay_arrival_split_and_join, layout_basic,
          shapermc_ecumenical_altar_notcrosses, minmay_octomino_e4
D:2:      layout_loops_cross, minmay_misc_feat_encased, grunt_ministairs_15,
          minmay_gold_behind_fungi, minmay_misc_feat_columns, uniq_sigmund
D:3:      layout_basic, uniq_crazy_yiuf_cottage, uniq_robin

Skill      XL: |  1  2  3 |
---------------+----------+-----
Axes           | 4 5 |  5.7
Fighting       | 4 |  4.8
Dodging        | 4 |  4.1
Stealth        | 2 |  2.4
Throwing       | |  0.7

Action                   |  1- 3 |  4- 6 || total
-------------------------+-------+-------++-------
Melee: Hand axe          |    79 |    17 ||    96
       Headbutt          |     8 |     2 ||    10
Throw: Dart              |     7 |     1 ||     8
  Use: Scroll            |     3 |       ||     3
       Potion            |       |     1 ||     1
 Stab: Sleeping          |     2 |     1 ||     3
Armor: Robe              |    11 |     1 ||    12
Dodge: Dodged            |    56 |    13 ||    69

Table legend: (Time is in decaauts)
 A = Elapsed time spent in this place.
 B = Non-inter-level travel time spent in this place.
 C = Inter-level travel time spent in this place.
 D = Time resting spent in this place.
 E = Time spent auto-exploring this place.
 F = Levels seen in this place.
 G = Mean time per level.
                   A        B        C        D        E       F      G
               +--------+--------+--------+--------+--------+-----+--------+
         Total |   2864 |   2864 |      0 |    519 |   1452 |   3 |  954.7 |
       Dungeon |   2864 |   2864 |      0 |    519 |   1452 |   3 |  954.7 |
               +--------+--------+--------+--------+--------+-----+--------+

Top non-repeatable levels by time:
     D:1: 1446 daAuts
     D:2: 1334 daAuts
     D:3: 83 daAuts
